 Dungeon Crawl Stone Soup version 0.27-a0-1188-g73eefd5def (webtiles) character file.

Game seed: 16688631126497437800

210 leviel the Chopper (level 5, -2/47 HPs)
             Began as a Hill Orc Fighter on May 22, 2021.
             Slain by an ogre
             ... wielding a +0 giant club
              (9 damage)
             ... on level 4 of the Dungeon.
             The game lasted 00:02:52 (2481 turns).

leviel the Chopper (Hill Orc Fighter)               Turns: 2481, Time: 00:02:53

Health: -2/47      AC:  7    Str: 20    XL:     5   Next: 88%
Magic:  5/5        EV:  7    Int: 10    God:
Gold:   91         SH: 13    Dex: 10    Spells: 4/4 levels left

rFire    . . .     SeeInvis .   a - +0 war axe
rCold    . . .     Faith    .   c - +0 kite shield
rNeg     . . .     Spirit   .   b - +0 scale mail
rPois    .         Reflect  .   (no helmet)
rElec    .         Harm     .   (no cloak)
rCorr    .         Rampage  .   (no gloves)
Will     .....                  (no boots)
Stlth    ..........             (no amulet)
HPRegen  0.15/turn              (no ring)
MPRegen  0.09/turn              (no ring)

@: no status effects
A: large bone plates 1, clever 1
a: no special abilities


You were on level 4 of the Dungeon.
You visited 1 branch of the dungeon, and saw 4 of its levels.

You collected 91 gold pieces.

Inventory:

Hand Weapons
 a - a +0 war axe (weapon)
Armour
 b - a +0 scale mail (worn)
 c - a +0 kite shield (worn)
Jewellery
 g - a ring of magical power
Scrolls
 h - 4 scrolls of silence


   Skills:
 - Level 4.4 Fighting
 + Level 5.5 Axes
 - Level 4.2 Armour
 - Level 0.8 Dodging
 - Level 0.1 Stealth
 - Level 4.0 Shields


You had 4 spell levels left.
You didn't know any spells.
Your spell library was empty.

Dungeon Overview and Level Annotations

Branches:
Dungeon (4/15)
 Temple: D:4-7

Altars:
Elyvilon
Wu Jian

Shops:
D:3 [


Innate Abilities, Weirdness & Mutations

You are partially covered in large bone plates. (SH +4)
Your mind is acute. (Int +2)


Message History

You hit the hound but do no damage. You block the hound's attack. x2
The iguana barely misses you. The hound bites you but does no damage.
You completely miss the iguana.
The iguana is heavily wounded.
You slash the ogre! You closely miss the hound. You block the iguana's attack.
The hound bites you. You block the ogre's attack. The iguana barely misses you.
The hound bites you. You block the hound's attack. You block the ogre's attack.
You block the hound's attack. The hound barely misses you.
You hit the hound but do no damage. You block the hound's attack. x2
You hit the hound.
The hound is moderately wounded.
The hound barely misses you. The hound closely misses you. The hound bites you.
You completely miss the hound.
The hound is moderately wounded.
You block the hound's attack. The hound bites you.
You hit the hound but do no damage.
The hound is moderately wounded.
The hound bites you but does no damage. x2
You slash the hound!
The hound is almost dead.
You block the hound's attack. The hound bites you but does no damage.
You slash the hound!
You kill the hound!
You barely miss the ogre.
The ogre is moderately wounded.
The ogre barely misses you. You block the ogre's attack.
You slash the ogre!
The ogre is severely wounded.
The ogre hits you with a +0 giant club!!
Ouch! That really hurt!
* * * LOW HITPOINT WARNING * * *
You hit the ogre.
The ogre is severely wounded.
The ogre barely misses you.
You hit the ogre.
The ogre is almost dead.
The ogre hits you with a +0 giant club!
You die...

#. ..# #.##.........#.# #.#
..# #.<.....###..#.#
.####..#..# .#.....#......#.#
#.........#........#.#..#.#.#
#..................#.#..#....
#........######..#.#.#..###.#
#..................#.#.......
#.......############.#......#
#...#.....lO@...............#
###....#############.######.#
###.# #...........#.# #.
#.###.#####.#.# .. #.# #.#
#.... ##. #.###.# #####
#.....# #######


You could see an ogre and an iguana.

Vanquished Creatures
  A black bear (D:4)
  A hound (D:4)
  2 adders
  A worm (D:3)
  A dart slug (D:3)
  An orc (D:3)
  2 endoplasms
  5 giant cockroaches
  3 goblins
  8 hobgoblins
  5 jackals
  A quokka (D:3)
  5 ball pythons
  11 bats
  A frilled lizard (D:2)
  8 kobolds
  6 rats
62 creatures vanquished.

Vanquished Creatures (others)
  23 plants (D:3)
23 creatures vanquished.

Grand Total: 85 creatures vanquished

Notes
Turn   | Place    | Note
-------+----------+-------------------------------------------
     0 | D:1      | leviel the Hill Orc Fighter began the quest for the Orb.
     0 | D:1      | Reached XP level 1. HP: 19/19 MP: 1/1
   201 | D:1      | Reached XP level 2. HP: 23/27 MP: 2/2
   254 | D:1      | Found a faded altar of an unknown god.
   455 | D:1      | Reached skill level 3 in Axes
   546 | D:1      | Reached XP level 3. HP: 31/33 MP: 3/3
  1247 | D:2      | Found a white marble altar of Elyvilon.
  1378 | D:3      | Reached skill level 4 in Axes
  1378 | D:3      | Reached XP level 4. HP: 40/40 MP: 4/4
  1452 | D:3      | Found a white marble altar of Elyvilon.
  1692 | D:3      | Found Nilleor's Antique Armour Emporium.
  2116 | D:3      | Found an ornate altar of the Wu Jian Council.
  2370 | D:4      | Noticed a black bear
  2374 | D:4      | Gained mutation: You are partially covered in large bone
                  | plates. (SH +4) [potion of mutation]
  2374 | D:4      | Gained mutation: Your mind is acute. (Int +2) [potion of
                  | mutation]
  2377 | D:4      | Killed a black bear
  2378 | D:4      | Reached skill level 5 in Axes
  2378 | D:4      | Reached XP level 5. HP: 45/47 MP: 5/5
  2459 | D:4      | Noticed an ogre
  2481 | D:4      | Slain by an ogre

Illustrated notes

Levels and vault maps discovered:
D:1:      ncdulo_smallfort, layout_basic,
          hellmonk_ecumenical_altar_heavens_door, minmay_misc_feat_doors
D:2:      layout_rooms, basic_altar
D:3:      layout_basic, nicolae_wu_jian_immortal_techniques, lemuel_tele_altar,
          serial_shops, shop, serial_bayou_lagoon_a, minmay_cupped
D:4:      layout_basic, minmay_temple_entry_nine_rooms

Skill      XL: |  1  2  3  4 |
---------------+-------------+-----
Fighting       | 4 |  4.4
Axes           | 3 4 5 |  5.5
Armour         | 4 |  4.2
Shields        | 4 |  4.0
Dodging        | |  0.8
Stealth        | |  0.1

Action                   |  1- 3 |  4- 6 || total
-------------------------+-------+-------++-------
Melee: War axe           |   114 |    72 ||   186
  Use: Scroll            |     4 |     1 ||     5
       Potion            |       |     4 ||     4
Armor: Scale mail        |    60 |    48 ||   108
Dodge: Dodged            |    38 |    29 ||    67
Block: Kite shield       |    59 |    54 ||   113

Table legend: (Time is in decaauts)
 A = Elapsed time spent in this place.
 B = Non-inter-level travel time spent in this place.
 C = Inter-level travel time spent in this place.
 D = Time resting spent in this place.
 E = Time spent auto-exploring this place.
 F = Levels seen in this place.
 G = Mean time per level.
                   A        B        C        D        E       F      G
               +--------+--------+--------+--------+--------+-----+--------+
         Total |   2590 |   2532 |     58 |      0 |   2050 |   4 |  647.5 |
       Dungeon |   2590 |   2532 |     58 |      0 |   2050 |   4 |  647.5 |
               +--------+--------+--------+--------+--------+-----+--------+

Top non-repeatable levels by time:
     D:3: 1035 daAuts
     D:1: 967 daAuts
     D:2: 465 daAuts
     D:4: 122 daAuts
